% Time on Ice - SAN DIEGO THUNDER
Lines # - Real PCT - Wanted PCT - Time Play
Normal Forward
1 - 33% - 36% - 15:05
2 - 29% - 31% - 13:23
3 - 21% - 23% - 9:50
4 - 16% - 10% - 7:33
Normal Defense
1 - 34% - 38% - 15:43
2 - 34% - 32% - 15:43
3 - 28% - 20% - 13:01
4 - 3% - 10% - 1:24
PP Forward
1 - 60% - 55% - 3:45
2 - 40% - 45% - 2:28
PP Defense
1 - 60% - 55% - 3:45
2 - 40% - 45% - 2:28
PK Forward
1 - 56% - 55% - 4:25
2 - 44% - 45% - 3:31
PK Defense
1 - 40% - 55% - 3:12
2 - 60% - 45% - 4:44
PK3 Forward
1 - 0% - 55%
2 - 0% - 45%
PK3 Defense
1 - 0% - 55%
2 - 0% - 45%
44 Forward
1 - 0% - 55%
2 - 0% - 45%
44 Defense
1 - 0% - 55%
2 - 0% - 45%
Last Minute Offensive  - 0:00
Last Minute Defensive  - 0:00
Total
Forward - 60:00
Defense - 60:00
% Time on Ice - REGINA FALCONS
Lines # - Real PCT - Wanted PCT - Time Play
Normal Forward
1 - 28% - 36% - 12:48
2 - 29% - 31% - 13:27
3 - 29% - 23% - 13:17
4 - 14% - 10% - 6:19
Normal Defense
1 - 26% - 36% - 11:46
2 - 28% - 31% - 13:03
3 - 32% - 23% - 14:41
4 - 14% - 10% - 6:21
PP Forward
1 - 50% - 55% - 3:57
2 - 50% - 45% - 3:59
PP Defense
1 - 50% - 55% - 3:57
2 - 50% - 45% - 3:59
PK Forward
1 - 64% - 55% - 3:59
2 - 36% - 45% - 2:14
PK Defense
1 - 57% - 55% - 3:34
2 - 43% - 45% - 2:39
PK3 Forward
1 - 0% - 55%
2 - 0% - 45%
PK3 Defense
1 - 0% - 55%
2 - 0% - 45%
44 Forward
1 - 0% - 55%
2 - 0% - 45%
44 Defense
1 - 0% - 55%
2 - 0% - 45%
Last Minute Offensive  - 0:00
Last Minute Defensive  - 0:00
Total
Forward - 60:00
Defense - 60:00
Play-by-Play 1st period 0:01 of 1st period - Eric Robinson wins face-off versus Eetu Luostarinen in neutral zone. 0:08 of 1st period - Shot by Andrei Kuzmenko. 0:08 of 1st period - Shot Misses the Net. 1:17 of 1st period - Shot by Wyatt Johnston. 1:17 of 1st period - Shot Blocked by Zach Bogosian. 1:47 of 1st period - Shot by Radek Faksa. 1:47 of 1st period - Shot Misses the Net. 1:49 of 1st period - Shot by Isac Lundestrom. 1:49 of 1st period - Shot Blocked by Zach Bogosian. 1:51 of 1st period - Shot by Luke Kunin. 1:51 of 1st period - Shot Blocked by Justin Schultz. 1:59 of 1st period - Shot by Luke Kunin. 1:59 of 1st period - Stopped by Petr Mrazek without a rebound. 2:00 of 1st period - Mark Kastelic wins face-off versus Max Jones in REGINA FALCONS zone. 3:02 of 1st period - Isac Lundestrom is hit by Logan Stanley and loses puck. 3:15 of 1st period - Off-side. 3:16 of 1st period - Devin Shore wins face-off versus Eetu Luostarinen in neutral zone. 3:35 of 1st period - Drake Batherson is hit by Pierre-Olivier Joseph. 3:37 of 1st period - Shot by Eetu Luostarinen. 3:37 of 1st period - Shot Misses the Net. 3:52 of 1st period - Drake Batherson is hit by Pierre-Olivier Joseph and loses puck. 3:56 of 1st period - Joel Farabee is hit by Marco Scandella and loses puck. 5:05 of 1st period - Shot by Dominik Kubalik. 5:05 of 1st period - Shot Blocked by Charles McAvoy. 5:15 of 1st period - Shot by Isac Lundestrom. 5:15 of 1st period - Deflect By Luke Kunin. 5:15 of 1st period - Shot Misses the Net. 5:43 of 1st period - Shot by Mark Kastelic. 5:43 of 1st period - Stopped by Petr Mrazek without a rebound. 5:44 of 1st period - Eetu Luostarinen wins face-off versus Eric Robinson in REGINA FALCONS zone. 6:09 of 1st period - Shot by Drake Batherson. 6:09 of 1st period - Shot Misses the Net. 6:17 of 1st period - Shot by Eetu Luostarinen. 6:17 of 1st period - Shot Misses the Net. 6:38 of 1st period - Icing by Adam Boqvist. 6:39 of 1st period - Tyler Motte wins face-off versus Wyatt Johnston in SAN DIEGO THUNDER zone. 6:50 of 1st period - Shot by Dominik Kubalik. 6:50 of 1st period - Shot Misses the Net. 6:52 of 1st period - Shot by Tyler Motte. 6:52 of 1st period - Stopped by Connor Hellebuyck without a rebound. 6:53 of 1st period - Radek Faksa wins face-off versus Jacob Peterson in SAN DIEGO THUNDER zone. 6:57 of 1st period - Isac Lundestrom is hit by Zach Bogosian and loses puck. 7:06 of 1st period - Patrick Maroon is hit by Luke Kunin and loses puck. 8:00 of 1st period - Tyler Motte is hit by Connor Murphy and loses puck. 8:13 of 1st period - Shot by Dmitri Voronkov. 8:13 of 1st period - Stopped by Petr Mrazek without a rebound. 8:14 of 1st period - Eetu Luostarinen wins face-off versus Eric Robinson in REGINA FALCONS zone. 8:16 of 1st period - Drake Batherson is hit by Marco Scandella and loses puck. 8:21 of 1st period - Shot by Eetu Luostarinen. 8:21 of 1st period - Stopped by Petr Mrazek without a rebound. 8:22 of 1st period - Eetu Luostarinen wins face-off versus Eric Robinson in REGINA FALCONS zone. 8:39 of 1st period - Shot by Eetu Luostarinen. 8:39 of 1st period - Stopped by Petr Mrazek with a rebound. 8:41 of 1st period - Shot by Derek Forbort. 8:41 of 1st period - Shot Misses the Net. 8:43 of 1st period - Shot by Derek Forbort. 8:43 of 1st period - Stopped by Petr Mrazek without a rebound. 8:44 of 1st period - Wyatt Johnston wins face-off versus Tyler Motte in REGINA FALCONS zone. 8:51 of 1st period - Shot by Dmitri Voronkov. 8:51 of 1st period - Stopped by Petr Mrazek without a rebound. 8:52 of 1st period - Tyler Motte wins face-off versus Wyatt Johnston in REGINA FALCONS zone. 8:52 of 1st period - Tyler Motte is hit by Dmitri Voronkov. 9:12 of 1st period - Shot by Dmitri Voronkov. 9:12 of 1st period - Stopped by Petr Mrazek without a rebound. 9:13 of 1st period - Eetu Luostarinen wins face-off versus Patric Hornqvist in REGINA FALCONS zone. 9:15 of 1st period - Joel Farabee is hit by Zach Bogosian and loses puck. 9:20 of 1st period - Shot by Drake Batherson. 9:20 of 1st period - Shot Blocked by Zach Bogosian. 9:22 of 1st period - Shot by Eetu Luostarinen. 9:22 of 1st period - Stopped by Petr Mrazek with a rebound. 9:24 of 1st period - Shot by Joel Farabee. 9:24 of 1st period - Stopped by Petr Mrazek without a rebound. 9:25 of 1st period - Wyatt Johnston wins face-off versus Tyler Motte in REGINA FALCONS zone. 9:29 of 1st period - Icing by Logan Stanley. 9:30 of 1st period - Drake Batherson wins face-off versus Tyler Motte in REGINA FALCONS zone. 10:23 of 1st period - Icing by Justin Schultz. 10:24 of 1st period - Wyatt Johnston wins face-off versus Jacob Peterson in REGINA FALCONS zone. 10:46 of 1st period - Wyatt Johnston is hit by Zach Bogosian and loses puck. 10:56 of 1st period - Icing by Patric Hornqvist. 10:57 of 1st period - Mark Kastelic wins face-off versus Jacob Peterson in REGINA FALCONS zone. 10:57 of 1st period - Mark Kastelic is hit by Zach Bogosian. 11:15 of 1st period - Shot by Joel Armia. 11:15 of 1st period - Stopped by Petr Mrazek without a rebound. 11:16 of 1st period - Eric Robinson wins face-off versus Drake Batherson in REGINA FALCONS zone. 11:34 of 1st period - Shot by Drake Batherson. 11:34 of 1st period - Shot Blocked by Pierre-Olivier Joseph. 11:36 of 1st period - Shot by Joel Farabee. 11:36 of 1st period - Shot Misses the Net. 11:58 of 1st period - Shot by Eetu Luostarinen. 11:58 of 1st period - Shot Misses the Net. 12:00 of 1st period - Shot by Drake Batherson. 12:00 of 1st period - Shot Blocked by Marco Scandella. 13:28 of 1st period - Shot by Isac Lundestrom. 13:28 of 1st period - Shot Misses the Net. 13:30 of 1st period - Shot by Radek Faksa. 13:30 of 1st period - Deflect By Isac Lundestrom. 13:30 of 1st period - Shot Blocked by Marco Scandella. 13:32 of 1st period - Shot by Connor Murphy. 13:32 of 1st period - Stopped by Petr Mrazek without a rebound. 13:33 of 1st period - Joel Armia wins face-off versus Tyler Motte in REGINA FALCONS zone. 13:44 of 1st period - Icing by Dominik Kubalik. 13:45 of 1st period - Eetu Luostarinen wins face-off versus Tyler Motte in REGINA FALCONS zone. 13:52 of 1st period - Shot by Drake Batherson. 13:52 of 1st period - Shot Misses the Net. 14:00 of 1st period - Shot by Max Jones. 14:00 of 1st period - Shot Misses the Net. 14:49 of 1st period - Icing by Filip Roos. 14:50 of 1st period - Wyatt Johnston wins face-off versus Jacob Peterson in REGINA FALCONS zone. 15:06 of 1st period - Icing by Jacob Peterson. 15:07 of 1st period - Radek Faksa wins face-off versus Jacob Peterson in REGINA FALCONS zone. 16:25 of 1st period - Icing by Dominik Kubalik. 16:26 of 1st period - Eetu Luostarinen wins face-off versus Max Jones in REGINA FALCONS zone. 16:41 of 1st period - Shot by Joel Farabee. 16:41 of 1st period - Shot Misses the Net. 16:43 of 1st period - Shot by Eetu Luostarinen. 16:43 of 1st period - Stopped by Petr Mrazek without a rebound. 16:44 of 1st period - Mark Kastelic wins face-off versus Jacob Peterson in REGINA FALCONS zone. 16:54 of 1st period - Off-side. 16:55 of 1st period - Wyatt Johnston wins face-off versus Tyler Motte in neutral zone. 17:26 of 1st period - Shot by Dmitri Voronkov. 17:26 of 1st period - Shot Misses the Net. 18:00 of 1st period - Derek Forbort is hit by Tyler Motte and loses puck. 18:21 of 1st period - Icing by Justin Schultz. 18:22 of 1st period - Eric Robinson wins face-off versus Radek Faksa in REGINA FALCONS zone. 18:33 of 1st period - Shot by Andrei Kuzmenko. 18:33 of 1st period - Stopped by Connor Hellebuyck without a rebound. 18:34 of 1st period - Mark Kastelic wins face-off versus Jacob Peterson in SAN DIEGO THUNDER zone. 18:57 of 1st period - Minor Penalty to Patrick Maroon for Interference. 18:58 of 1st period - Drake Batherson wins face-off versus Tyler Motte in REGINA FALCONS zone. 19:15 of 1st period - Shot by Charles McAvoy. 19:15 of 1st period - Stopped by Petr Mrazek without a rebound. 19:16 of 1st period - Dominik Kubalik wins face-off versus Wyatt Johnston in REGINA FALCONS zone. Goals for this period are 0 for SAN DIEGO THUNDER vs 0 for REGINA FALCONS. Shots for this period are 14 for SAN DIEGO THUNDER vs 2 for REGINA FALCONS. 2nd period 0:01 of 2nd period - Drake Batherson wins face-off versus Tyler Motte in neutral zone. 0:51 of 2nd period - Icing by Charles McAvoy. 0:52 of 2nd period - Drake Batherson wins face-off versus Dominik Kubalik in SAN DIEGO THUNDER zone. 0:57 of 2nd period - Kyle Okposo is hit by Luke Kunin and loses puck. 1:31 of 2nd period - Patric Hornqvist is hit by Derek Forbort and loses puck. 1:41 of 2nd period - Minor Penalty to Derek Forbort for High sticking. 1:42 of 2nd period - Eric Robinson wins face-off versus Joel Farabee in SAN DIEGO THUNDER zone. 2:02 of 2nd period - Shot by Justin Schultz. 2:02 of 2nd period - Stopped by Connor Hellebuyck without a rebound. 2:03 of 2nd period - Dmitri Voronkov wins face-off versus Tyler Motte in SAN DIEGO THUNDER zone. 2:03 of 2nd period - Dmitri Voronkov is hit by Max Jones. 3:11 of 2nd period - Shot by Andrei Kuzmenko. 3:11 of 2nd period - Shot Blocked by Adam Boqvist. 3:55 of 2nd period - Shot by Jacob Peterson. 3:55 of 2nd period - Shot Misses the Net. 4:10 of 2nd period - Shot by Steven Lorentz. 4:10 of 2nd period - Shot Misses the Net. 4:11 of 2nd period - Minor Penalty to Logan Stanley f